 Dungeon Crawl Stone Soup version 0.29.0-15-g675c0067aa (webtiles) character file.

Game seed: 4550476520932314220

4814 Armakuni the Nimble (level 10, -1/74 HPs)
             Began as a Human Gladiator on Sept 11, 2022.
             Was a Priest of Elyvilon.
             Slain by a vampire (6 damage)
             ... on level 9 of the Dungeon.
             The game lasted 00:15:50 (8614 turns).

Armakuni the Nimble (Human Gladiator)               Turns: 8614, Time: 00:15:51

Health: -1/74      AC:  7    Str: 20    XL:     10   Next: 77%
Magic:  13/17      EV: 21    Int:  8    God:    Elyvilon [***...]
Gold:   498        SH:  0    Dex: 26    Spells: 9/9 levels left

rFire   . . .      SeeInvis .   a - +4 great sword (venom)
rCold   . . .      Faith    +   (shield currently unavailable)
rNeg    . . .      Spirit   .   x - +2 leather armour {rPois}
rPois   +          Reflect  .   A - +2 hat {Stlth+}
rElec   .          Harm     .   (no cloak)
rCorr   .          Rampage  .   (no gloves)
Will    .....                   (no boots)
Stlth   +++.......              U - amulet of faith
HPRegen 0.22/turn               D - +6 ring of dexterity
MPRegen 0.15/turn               V - +6 ring of dexterity

@: no status effects
A: no striking features
a: Renounce Religion, Purification, Heal Other, Heal Self


You were on level 9 of the Dungeon.
You worshipped Elyvilon.
Elyvilon was most pleased with you.
You visited 2 branches of the dungeon, and saw 10 of its levels.

You collected 498 gold pieces.

Inventory:

Hand Weapons
 a - a +4 great sword of venom (weapon)
 b - a +1 vorpal long sword
Missiles
 d - 3 throwing nets (quivered)
 e - a javelin
 k - 2 silver javelins
Armour
 p - the +12 chain mail of Modesty {Harm Str-3 Dex+4}
   (You found it on level 3 of the Dungeon)

   Str:       It affects your strength (-3).
   Dex:       It affects your dexterity (+4).
   Harm:      It increases damage dealt and taken.
 x - a +2 leather armour of poison resistance (worn)
 A - a +2 hat of stealth (worn)
Jewellery
 D - a +6 ring of dexterity (left hand)
 J - a ring of protection from cold
 U - an amulet of faith (around neck)
 V - a +6 ring of dexterity (right hand)
Wands
 c - a wand of iceblast (14)
 m - a wand of mindburst (6)
 n - a wand of digging (6)
Scrolls
 t - a scroll of teleportation
 y - a scroll of fear
 z - a scroll of butterflies
Potions
 g - a potion of lignification
 h - 3 potions of curing
 i - 2 potions of mutation {unknown}
 j - a potion of berserk rage {unknown}
 l - 2 potions of cancellation
 o - a potion of invisibility {unknown}
 q - a potion of flight {unknown}
 r - 3 potions of might {unknown}
 s - 3 potions of degeneration {unknown}
 u - a potion of attraction {unknown}


   Skills:
 - Level 5.0 Fighting
 + Level 6.7 Long Blades
 - Level 2.0 Throwing
 - Level 10.0 Dodging
 + Level 9.9 Invocations


You had 9 spell levels left.
You didn't know any spells.
Your spell library contained the following spells:

 Spells                   Type           Power      Damage    Failure   Level
 Sublimation of Blood     Necr           0%         N/A       61%         2
 Wereblood                Tmut           0%         N/A       61%         2
 Dazzling Flash           Conj/Hex       0%         N/A       83%         3
 Gell's Gravitas          Tloc           0%         N/A       83%         3
 Teleport Other           Tloc           0%         N/A       83%         3
 Anguish                  Hex/Necr       0%         N/A       99%         4
 Iskenderun's Mystic Bla  Conj/Tloc      0%         2d3       99%         4
 Dispersal                Tloc           0%         N/A       100%        6
 Starburst                Conj/Fire      0%         6d3       100%        6
 Enfeeble                 Hex            0%         N/A       100%        7
 Summon Hydra             Summ           0%         N/A       100%        7


Dungeon Overview and Level Annotations

Branches:
Dungeon (9/15)             Temple (1/1) D:4
   Lair: D:8-11         Orc: D:9-12

Altars:
Ashenzari
Cheibriados
Dithmenos
Elyvilon
Fedhas
Gozag
Hepliaklqana
Kikubaaqudgha
Makhleb
Nemelex Xobeh
Qazlal
Ru
Sif Muna
Trog
Uskayaw
Vehumet
Wu Jian
Yredelemnul
The Shining One


Message History

You barely miss something. Something hits you! Something barely misses you.
You hear some strange, mumbled words.
You are confused.
You barely miss something. Something hits you! Something closely misses you.
You miss something. Something barely misses you. Something bites you.
Something draws strength from your injuries!
You bump into the rock wall.
Something hits you. Something barely misses you.
Something hits you but does no damage. Something barely misses you.
You're too confused to move!
You feel less confused. Something closely misses you. Something bites you.
Something draws strength from your injuries!
You barely miss something. Something barely misses you.
Something closely misses you. Something hits you but does no damage.
Something barely misses you.
You closely miss something. Something barely misses you. Something bites you!
Something draws strength from your injuries!
You closely miss something. Something closely misses you. Something bites you!
Something draws strength from your injuries!
You barely miss something. Something barely misses you.
Something closely misses you. Something hits you but does no damage.
Something barely misses you.
You slash something!
You hear some strange, mumbled words.
You are confused.
Something barely misses you. Something closely misses you. Something hits you.
Something bites you!
* * * LOW HITPOINT WARNING * * *
Something draws strength from your injuries!
You feel purified! Something misses you. Something bites you!
* * * LOW HITPOINT WARNING * * *
Something draws strength from your injuries!
You are healed.
Something closely misses you. Something barely misses you.
You slash something! Something hits you! Something bites you!
* * * LOW HITPOINT WARNING * * *
Something draws strength from your injuries!
You miss something. Something hits you!
* * * LOW HITPOINT WARNING * * *
Something bites you but does no damage. Something hits you.
You die...

... .####. #.# .#...
# ... .... #.. ...#
#.# ...### #.# .....
#### #.##.#.####
...... ##.{........
#..#.####...@...##.#
#..#.##.............
#..#.##.#..##.......
#..#.##.......####..
#<.#.##.#........ .
##.#.##.#.###.###
#........# .#
######.### .# #.#


There were no monsters in sight!

Vanquished Creatures
  Amaemon (D:7)
  Pikel (D:4)
  An orange demon (D:8)
  Joseph (D:7)
  Psyche (D:8)
  A hornet (D:8)
  Eustachio (D:3)
  3 ice beasts
  A sky beast (D:8)
  3 centaurs
  2 lemures (D:4)
  2 phantoms (D:5)
  A kobold brigand (D:7)
  5 bullfrogs
  Blork the orc (D:5)
  A gnoll sergeant (D:7)
  A scorpion (D:6)
  A wight (D:7)
  5 howler monkeys
  3 electric eels (D:6)
  2 orc priests (D:7)
  2 hounds (D:5)
  2 jellies
  2 gnoll boudas
  Jessica (D:3)
  Natasha (thrice) (D:4)
  8 iguanas
  3 orc wizards
  16 gnolls
  An adder (D:2)
  A shadow imp (D:7)
  10 dart slugs
  30 orcs
  10 ball pythons
  3 bats
  4 endoplasms
  3 giant cockroaches
  6 hobgoblins
  8 jackals
  4 frilled lizards
  7 goblins
  7 kobolds
  6 rats
175 creatures vanquished.

Vanquished Creatures (others)
  25 plants
25 creatures vanquished.

Grand Total: 200 creatures vanquished

Notes
Turn   | Place    | Note
-------+----------+-------------------------------------------
     0 | D:1      | Armakuni the Human Gladiator began the quest for the Orb.
     0 | D:1      | Reached XP level 1. HP: 16/16 MP: 1/1
   166 | D:1      | Reached XP level 2. HP: 21/22 MP: 2/2
   712 | D:1      | Found a faded altar of an unknown god.
   916 | D:1      | Reached XP level 3. HP: 27/27 MP: 3/3
   997 | D:2      | Found a broken altar of Ashenzari.
  2244 | D:2      | Reached XP level 4. HP: 34/34 MP: 4/4
  2322 | D:3      | Identified the +12 chain mail of Modesty {Harm Str-3 Dex+4}
  2430 | D:3      | Noticed Jessica
  2433 | D:3      | Killed Jessica
  2598 | D:3      | Reached XP level 5. HP: 37/41 MP: 5/5
  2990 | D:3      | Found a burning altar of Makhleb.
  3205 | D:4      | Found a bloodstained altar of Trog.
  3209 | D:4      | Noticed Natasha
  3212 | D:4      | Noticed Eustachio
  3218 | D:4      | Killed Natasha
  3219 | D:4      | Reached skill level 5 in Long Blades
  3255 | D:3      | Killed Eustachio
  3256 | D:3      | Reached skill level 5 in Fighting
  3256 | D:3      | Reached XP level 6. HP: 36/51 MP: 6/6
  3431 | D:4      | Found a shadowy altar of Dithmenos.
  3472 | D:4      | Found a staircase to the Ecumenical Temple.
  3479 | Temple   | Entered the Ecumenical Temple
  3676 | Temple   | Became a worshipper of Elyvilon the Healer
  3755 | D:4      | Found a stormy altar of Qazlal.
  3758 | D:4      | Noticed Natasha
  3806 | D:4      | Noticed Pikel
  3813 | D:4      | Killed Pikel
  3814 | D:4      | Reached skill level 6 in Dodging
  3814 | D:4      | Reached XP level 7. HP: 43/56 MP: 7/7
  3814 | D:4      | Reached XP level 8. HP: 48/62 MP: 8/8
  3913 | D:4      | Found a blossoming altar of Fedhas.
  4111 | D:4      | Found a broken altar of Ashenzari.
  4172 | D:4      | Killed Natasha
  4288 | D:5      | Entered Level 5 of the Dungeon
  4317 | D:4      | Noticed Natasha
  4331 | D:4      | Killed Natasha
  4361 | D:5      | Reached skill level 7 in Dodging
  4400 | D:5      | Reached * piety under Elyvilon
  4545 | D:5      | Noticed Blork the orc
  4553 | D:5      | Killed Blork the orc
  4705 | D:5      | Reached ** piety under Elyvilon
  4715 | D:5      | Reached skill level 8 in Dodging
  5161 | D:5      | Found a hide-covered altar of Uskayaw.
  5278 | D:6      | You fall into a shaft and drop 3 floors!
  5339 | D:8      | Noticed a hornet
  5343 | D:8      | Paralysed by a hornet for 2 turns
  5348 | D:8      | Killed a hornet
  5349 | D:8      | Reached skill level 9 in Dodging
  5349 | D:8      | Reached XP level 9. HP: 57/68 MP: 9/9
  5431 | D:7      | Found an ornate altar of the Wu Jian Council.
  5471 | D:7      | Reached *** piety under Elyvilon
  5529 | D:6      | HP: 2/68 [gnoll sergeant/+0 trident (14)]
  5782 | D:7      | Reached skill level 1 in Invocations
  5790 | D:7      | Reached skill level 10 in Dodging
  6224 | D:6      | Found a basalt altar of Yredelemnul.
  6224 | D:6      | Found a sacrificial altar of Ru.
  6277 | D:6      | Reached skill level 5 in Invocations
  6977 | D:7      | Reached XP level 10. HP: 74/74 MP: 15/15
  6993 | D:7      | Noticed Joseph
  7004 | D:7      | HP: 1/74 [Joseph/+0 quarterstaff (19)]
  7005 | D:7      | Elyvilon protects you from harm!
  7005 | D:7      | Elyvilon protects you from harm!
  7012 | D:7      | Killed Joseph
  7783 | D:8      | Reached **** piety under Elyvilon
  7785 | D:8      | Noticed Amaemon
  7843 | D:8      | Noticed an orange demon
  7845 | D:8      | HP: 1/74 [Amaemon/+0 demon whip of venom (4)]
  7857 | D:7      | Killed Amaemon
  8138 | D:8      | Killed an orange demon
  8193 | D:8      | Found a glowing golden altar of the Shining One.
  8340 | D:8      | Noticed Psyche
  8353 | D:8      | Killed Psyche
  8614 | D:9      | Slain by a vampire

Illustrated notes

Levels and vault maps discovered:
D:1:      dpeg_arrival_triangle_fractal, layout_basic,
          nicolae_ecumenical_snake_handling
D:2:      layout_basic, basic_altar, serial_bayou_lake_a
D:3:      layout_loops_ring, lightli_temple_of_fire, st_stairs_7, uniq_jessica
D:4:      layout_rooms, bloody_trog, mainiacjoe_overflow_small_starburst,
          mainiacjoe_overflow_surrounded_room,
          mainiacjoe_overflow_concentric_impassable,
          mainiacjoe_overflow_alcove_4, temple_fountains, uniq_pikel,
          uniq_crazy_yiuf_cottage, uniq_natasha, uniq_eustachio
D:5:      layout_basic, old_standard_altar, kennysheep_big_empty_room,
          uniq_blork_the_orc
D:6:      kennysheep_slugbush, layout_rooms, gammafunk_temple_overflow_wave
D:7:      layout_loops_corners, mainiacjoe_overflow_cross_hatched,
          kennysheep_crisscross, minmay_diced_spiral, uniq_joseph
D:8:      layout_rooms, mainiacjoe_overflow_24_doors, uniq_amaemon, uniq_psyche
D:9:      layout_basic, mainiacjoe_overflow_boulevard
Temple:   nicolae_temple_bog_church

Skill      XL: |  1  2  3  4  5  6  7  8  9 10 |
---------------+-------------------------------+-----
Long Blades    | 4 5 6 |  6.7
Fighting       | 3 5 |  5.0
Dodging        | 6 9 10 | 10.0
Invocations    | 6 9 |  9.9
Throwing       | |  2.0

Action                   |  1- 3 |  4- 6 |  7- 9 | 10-12 || total
-------------------------+-------+-------+-------+-------++-------
Melee: Long sword        |    72 |   107 |   214 |     1 ||   394
       Punch             |     2 |       |     2 |       ||     4
       Great sword       |       |       |       |    94 ||    94
Throw: Throwing net      |       |       |     3 |     1 ||     4
Invok: Heal Self         |       |       |     2 |    10 ||    12
       Purification      |       |       |       |     2 ||     2
Evoke: Wand              |       |     5 |    15 |       ||    20
  Use: Scroll            |     6 |     4 |     4 |     3 ||    17
       Potion            |       |       |     2 |       ||     2
 Stab: Sleeping          |     3 |     2 |     1 |       ||     6
       Distracted        |       |       |     1 |       ||     1
Armor: Leather armour    |    28 |    36 |    38 |    23 ||   125
Dodge: Dodged            |    60 |    78 |   252 |   165 ||   555
